 Dungeon Crawl Stone Soup version 0.27-a0-1591-gc56fcc985a (webtiles) character file.

Game seed: 13396282273078672701

61426 flotson the Fighter (level 14, -3/113 HPs)
             Began as a Demonspawn Delver on July 19, 2021.
             Was an Initiate of Gozag.
             Slain by a boulder beetle (37 damage)
             ... on level 11 of the Dungeon.
             The game lasted 00:31:06 (17399 turns).

flotson the Fighter (Demonspawn Delver)            Turns: 17399, Time: 00:31:08

Health: -3/113     AC: 23    Str: 22    XL:     14   Next: 60%
Magic:  0/14       EV: 12    Int: 13    God:    Gozag
Gold:   4453       SH:  0    Dex: 15    Spells: 13/13 levels left

rFire    . . .     SeeInvis .   d - +2 quarterstaff (spect)
rCold    . . .     Faith    .   (shield currently unavailable)
rNeg     . . .     Spirit   +   X - +2 chain mail {rPois}
rPois    +         Reflect  .   (helmet unavailable)
rElec    .         Harm     .   W - +2 cloak {Stlth+}
rCorr    .         Rampage  .   o - +0 pair of gloves
Will     +....                  i - +0 pair of boots
Stlth    +.........             u - amulet of regeneration
HPRegen  1.28/turn              p - +4 ring of slaying
MPRegen  0.28/turn              K - +6 ring of strength

@: gold aura, studying 2 skills
A: horns 3, molten scales 2, spiny 1, magic shield, magic regeneration, magic
link
a: Renounce Religion, Potion Petition, Call Merchant, Bribe Branch


You were on level 11 of the Dungeon.
You worshipped Gozag.
Gozag was most pleased with you.
You visited 3 branches of the dungeon, and saw 18 of its levels.
You also visited: Bailey.

You collected 5047 gold pieces.
You spent 519 gold pieces at shops.
You paid 75 gold pieces to Gozag.

Inventory:

Hand Weapons
 a - the +6 Majin-Bo {vamp, MP+6 Int+6}
   (You found it on level 8 of the Dungeon)

   It occasionally heals its wielder for a portion of a damage dealt when they
   wound a living foe with it or with a spell.
   Its wielder's spells cost health as well as magical power.
   Int:       It affects your intelligence (+6).
   MP:        It affects your magic capacity (+6).
 b - a +3 hunting sling of freezing
 c - a +0 broad axe of flaming
 d - a +2 spectral quarterstaff (weapon)
Missiles
 r - 8 atropa-tipped darts (quivered)
 y - 55 poisoned darts
 Y - 99 sling bullets
Armour
 i - a +0 pair of boots (worn)
 o - a +0 pair of gloves (worn)
 t - a scarf of shadows
 L - the +6 chain mail of Spite {rF+ Dex-5 Slay+3}
   (You found it on level 5 of the Lair of Beasts)

   Dex:       It affects your dexterity (-5).
   Slay:      It affects your accuracy & damage with ranged weapons and melee
   (+3).
   rF:        It protects you from fire.
 Q - a scarf of repulsion
 W - a +2 cloak of stealth (worn)
 X - a +2 chain mail of poison resistance (worn)
Jewellery
 f - the ring "Junozuc" {rF+ rN+ Will+ Dex+3 Stlth+}
   (You acquired it on level 5 of the Lair of Beasts)

   [ring of positive energy]

   Dex:       It affects your dexterity (+3).
   rF:        It protects you from fire.
   rN:        It protects you from negative energy.
   Will:      It increases your willpower.
   Stlth:     It makes you more stealthy.
 p - a +4 ring of slaying (left hand)
 u - an amulet of regeneration (around neck)
 C - a ring of protection from fire
 G - a ring of flight
 K - a +6 ring of strength (right hand)
 O - a ring of protection from cold
Wands
 g - a wand of digging (8)
 A - a wand of charming (8)
 N - a wand of iceblast (28)
 R - a wand of paralysis (1)
 Z - a wand of mindburst (15)
Scrolls
 e - 4 scrolls of fear
 h - 4 scrolls of teleportation {unknown}
 j - 4 scrolls of vulnerability
 l - 3 scrolls of enchant weapon {unknown}
 m - a scroll of silence {unknown}
 n - 5 scrolls of blinking
 z - a scroll of magic mapping
 D - 2 scrolls of identify
 I - a scroll of holy word {unknown}
 J - 2 scrolls of enchant armour {unknown}
 M - a scroll of immolation {unknown}
 P - a scroll of brand weapon {unknown}
 S - 3 scrolls of fog
Potions
 k - 4 potions of flight
 s - 2 potions of mutation
 v - 6 potions of curing
 w - a potion of might
 x - 5 potions of heal wounds
 B - 2 potions of attraction
 E - 5 potions of ambrosia
 F - a potion of lignification
 H - a potion of haste
 U - 2 potions of berserk rage
 V - a potion of resistance
Miscellaneous
 q - a lightning rod (4/4)
 T - a condenser vane


   Skills:
 + Level 11.4 Fighting
 - Level 4.0 Axes
 + Level 8.3 Staves
 + Level 10.8 Throwing
 + Level 10.1 Armour
 + Level 10.3 Dodging
 - Level 4.5 Stealth
 + Level 10.8 Evocations


You had 13 spell levels left.
You didn't know any spells.
Your spell library contained the following spells:

 Spells                   Type           Power      Damage    Failure   Level
 Animate Skeleton         Necr           0%         N/A       88%         1
 Pain                     Necr           0%         1d4       88%         1
 Shock                    Conj/Air       0%         1d3       88%         1
 Sting                    Tmut/Pois      0%         1d3       88%         1
 Call Imp                 Summ           0%         N/A       96%         2
 Poisonous Vapours        Pois/Air       0%         N/A       96%         2
 Slow                     Hex            0%         N/A       96%         2
 Sublimation of Blood     Necr           0%         N/A       96%         2
 Call Canine Familiar     Summ           0%         N/A       99%         3
 Confusing Touch          Hex            0%         N/A       99%         3
 Dazzling Flash           Conj/Hex       0%         N/A       99%         3
 Portal Projectile        Hex/Tloc       0%         N/A       99%         3
 Swiftness                Air            0%         N/A       99%         3
 Vampiric Draining        Necr           0%         2d6       99%         3
 Airstrike                Air            0%         N/A       100%        4
 Iskenderun's Mystic Bla  Conj/Tloc      0%         2d3       100%        4
 Leda's Liquefaction      Hex/Erth       0%         N/A       100%        4
 Olgreb's Toxic Radiance  Pois           0%         N/A       100%        4
 Passage of Golubria      Tloc           N/A        N/A       100%        4
 Petrify                  Tmut/Erth      0%         N/A       100%        4
 Freezing Cloud           Conj/Ice/Air   0%         6-21      100%        5
 Irradiate                Conj/Tmut      0%         3d13      100%        5
 Silence                  Hex/Air        0%         N/A       100%        5
 Invisibility             Hex            0%         N/A       100%        6
 Simulacrum               Ice/Necr       0%         N/A       100%        6
 Starburst                Conj/Fire      0%         8x6d3     100%        6
 Lehudib's Crystal Spear  Conj/Erth      0%         10d2      100%        8
 Polar Vortex             Ice            0%         N/A       100%        9


Dungeon Overview and Level Annotations

Branches:
Dungeon (11/15)            Temple (1/1) D:5            Lair (6/6) D:10
  Swamp (0/4) Lair:4        Snake (0/4) Lair:4        Slime (0/5) Lair:6
 Bailey (visited)
    Orc: D:9-12

Altars:
Ashenzari
Cheibriados
Dithmenos
Elyvilon
Fedhas
Gozag
Hepliaklqana
Kikubaaqudgha
Makhleb
Nemelex Xobeh
Okawaru
Qazlal
Ru
Sif Muna
Trog
Uskayaw
Vehumet
Wu Jian
Xom
Yredelemnul
Zin
The Shining One
Jiyva

Shops:
D:3 :   D:4 :   D:7 *   D:9 [


Innate Abilities, Weirdness & Mutations

You have a pair of large horns on your head.
You are mostly covered in molten scales. (AC +3)
You are partially covered in sharp spines.
When hurt, damage is shared between your health and your magic reserves.
You regenerate magic rapidly.
When low on magic, you restore magic in place of health.


Message History

Something hits you but does no damage.
The deep elf pyromancer points at you and mumbles some strange words.
The bolt of fire hits you!!
The boulder beetle is struck by your spines.
The boulder beetle completely misses you.
The centaur warrior shoots an arrow.
The arrow hits you.
You sock the boulder beetle! You headbutt the boulder beetle!
The boulder beetle is heavily wounded.
Something hits you but does no damage.
The deep elf pyromancer gestures at you while chanting.
The bolt of fire misses you. Something hits you but does no damage.
The centaur warrior shoots an arrow.
The arrow hits you! The boulder beetle bites you!
Unknown command.
You are too injured to fight recklessly!
Unknown command.
You are too injured to fight recklessly!
Unknown command.
You are too injured to fight recklessly!
Something hits you but does no damage.
The centaur warrior shoots an arrow.
The arrow hits you!
The boulder beetle leaps!
Something hits you but does no damage.
The centaur warrior shoots an arrow.
The arrow misses you.
The arrow hits the deep elf pyromancer!!
The boulder beetle waves its antennae.
The boulder beetle curls into a ball and begins rolling!
Things that are here:
24 gold pieces; a +0 dagger; a +0 robe You hit something but do no damage.
Your headbutt misses something.
Your spectral +2 spectral quarterstaff hits something!
Something hits you but does no damage. Something hits you.
The centaur warrior shoots an arrow.
Reactivating autopickup.
You feel a bit more experienced.
The deep elf pyromancer is struck by your spines.
The deep elf pyromancer misses you.
The boulder beetle is struck by your spines.
The boulder beetle hits you!!!
You die...
Your body crumbles into a pile of gold.

########## #....??..# #........#
#........# #........# #........#
#############...<....###### ###
...............§@B........##...
......#######.c.$e○.............
......# #....................
......###########.#....(.........
...........# ###.#..............
...........####...#......>.......
..........T...o.###..........(...
...[..#..##..#### #..............
.............# #####.............


You could see a boulder beetle (rolling), a centaur warrior and a deep elf
pyromancer.

Vanquished Creatures
  The ghost of Tiah the Grappler, a journeyman TrMo of Jiyva (Lair:5)
  Erolcha (D:11)
  2 boulder beetles
  14 hydras
  A catoblepas (Lair:6)
  3 two-headed ogres
  A centaur warrior (D:9)
  A deep troll shaman (Lair:6)
  11 death yaks (Lair:6)
  The ghost of bronco the Grappler, a novice DrTm of Nemelex Xobeh (D:7)
  Pikel (D:4)
  A lindwurm (Lair:3)
  An ugly thing (D:9)
  A manticore (D:11)
  3 elephants
  Joseph (D:10)
  3 black mambas
  7 cane toads
  An unseen horror (D:8)
  7 komodo dragons
  6 rime drakes
  A queen bee (Lair:2)
  4 polar bears
  4 trolls
  3 slime creatures
  7 dream sheep (Lair:6)
  25 blink frogs
  2 wraiths
  40 yaks
  A shadow (D:9)
  7 basilisks
  9 wyverns
  A steam dragon (Lair:2)
  2 nagas (Lair:4)
  An acid dragon (D:10)
  19 water moccasins
  A hornet zombie (D:9)
  2 ice beasts (D:6)
  7 orc warriors
  2 sky beasts
  A swamp drake (D:10)
  2 black bears
  28 wolves
  3 ogres
  A lemure (D:4)
  5 centaurs
  11 bullfrogs
  A kobold brigand (D:7)
  2 scorpions
  3 water moccasin skeletons
  33 killer bees
  13 wights
  A howler monkey (D:9)
  An electric eel (Lair:3)
  3 centaur zombies
  A bullfrog zombie (D:5)
  5 jellies
  2 gnoll shamans
  5 orc priests
  A centaur skeleton (D:6)
  2 hounds
  Crazy Yiuf (D:2)
  2 iguanas
  7 hell rats (Lair:2)
  9 orc wizards
  A howler monkey zombie (D:8)
  2 adders
  15 gnolls
  3 white imps
  2 ufetubi
  A worm (D:2)
  19 orcs
  5 ball pythons
  9 endoplasms
  5 giant cockroaches
  16 hobgoblins
  8 jackals
  4 quokkas
  5 bats
  2 frilled lizards (D:1)
  14 goblins
  28 kobolds
  6 rats
494 creatures vanquished.

Vanquished Creatures (others)
  An unseen horror (D:11)
  15 fungi
  18 plants
34 creatures vanquished.

Grand Total: 528 creatures vanquished

Notes
Turn   | Place    | Note
-------+----------+-------------------------------------------
     0 | D:5      | flotson the Demonspawn Delver began the quest for the Orb.
     0 | D:5      | Reached XP level 1. HP: 18/18 MP: 1/1
   323 | D:5      | Gained mutation: You have a pair of small horns on your
                  | head. [demonic ancestry]
   323 | D:5      | Reached XP level 2. HP: 24/24 MP: 2/2
   365 | D:5      | Reached skill level 1 in Armour
   595 | D:5      | Gained mutation: You are partially covered in sharp spines.
                  | [demonic ancestry]
   595 | D:5      | Reached XP level 3. HP: 29/29 MP: 3/3
   842 | D:4      | Noticed a +0 dagger
   842 | D:4      | Noticed a +0 hand axe
   843 | D:4      | Found a hide-covered altar of Uskayaw.
  1167 | D:3      | Found Jidoul's Book Emporium.
  1410 | D:2      | Gained mutation: You have a pair of horns on your head.
                  | [demonic ancestry]
  1410 | D:2      | Reached XP level 4. HP: 35/35 MP: 4/4
  2229 | D:1      | Found a faded altar of an unknown god.
  2785 | D:2      | Found a runed translucent door.
  2786 | D:2      | Noticed Crazy Yiuf
  2983 | D:2      | Killed Crazy Yiuf
  2984 | D:2      | Reached skill level 1 in Evocations
  2984 | D:2      | Gained mutation: You regenerate magic rapidly. [demonic
                  | ancestry]
  2984 | D:2      | Reached XP level 5. HP: 20/42 MP: 5/5
  3232 | D:3      | Reached skill level 1 in Throwing
  3714 | D:4      | Found Usoidiu's Book Emporium.
  3719 | D:4      | Noticed a lemure
  3723 | D:4      | Noticed an ogre
  3727 | D:4      | Noticed a lemure
  3729 | D:4      | Noticed a lemure
  3744 | D:4      | Found a shimmering altar of Xom.
  3787 | D:4      | Killed an ogre
  3788 | D:4      | Reached skill level 4 in Fighting
  3817 | D:4      | Killed a lemure
  3895 | D:4      | Noticed a lemure
  3896 | D:4      | Found a hazy altar of Hepliaklqana.
  3898 | D:4      | Noticed Pikel
  3910 | D:4      | Killed Pikel
  3911 | D:4      | Reached XP level 6. HP: 46/49 MP: 6/6
  3911 | D:4      | Gained mutation: You are partially covered in molten
                  | scales. (AC +2) [demonic ancestry]
  3911 | D:4      | Reached XP level 7. HP: 51/55 MP: 7/7
  4411 | D:5      | Found a staircase to the Ecumenical Temple.
  4435 | Temple   | Entered the Ecumenical Temple
  4490 | Temple   | Became a worshipper of Gozag Ym Sagoz the Greedy
  4566 | D:5      | Gained mutation: When hurt, damage is shared between your
                  | health and your magic reserves. [demonic ancestry]
  4566 | D:5      | Reached XP level 8. HP: 61/61 MP: 8/8
  4577 | D:5      | Reached skill level 5 in Fighting
  4687 | D:5      | Found a broken altar of Ashenzari.
  5105 | D:6      | Reached skill level 1 in Staves
  5333 | D:6      | Found a sacrificial altar of Ru.
  5489 | D:6      | Reached XP level 9. HP: 66/69 MP: 9/9
  5786 | D:7      | Reached skill level 6 in Fighting
  5811 | D:7      | Noticed a troll
  5813 | D:7      | Reached skill level 5 in Dodging
  5821 | D:7      | Killed a troll
  5821 | D:7      | Noticed a two-headed ogre
  5905 | D:7      | Killed a two-headed ogre
  5906 | D:7      | Reached skill level 5 in Armour
  5906 | D:7      | Reached skill level 5 in Evocations
  6359 | D:7      | Found Vueqix's Elemental Accessories.
  6497 | D:8      | Reached skill level 5 in Throwing
  6504 | D:8      | Gained mutation: You have a pair of large horns on your
                  | head. [demonic ancestry]
  6504 | D:8      | Reached XP level 10. HP: 76/77 MP: 8/10
  6546 | D:8      | Found a shimmering blue altar of Sif Muna.
  6643 | D:8      | Reached skill level 7 in Fighting
  6719 | D:8      | Found a snail-covered altar of Cheibriados.
  6878 | D:8      | Found an ornate altar of the Wu Jian Council.
  6987 | D:8      | Found a runed translucent gate.
  6987 | D:8      | Found a runed translucent gate.
  6989 | D:8      | Found a runed translucent gate.
  6991 | D:8      | Found a viscous altar of Jiyva.
  6991 | D:8      | Noticed bronco's ghost (novice DrTm)
  6992 | D:8      | Found the +6 Majin-Bo {vamp, MP+6 Int+6}
  7098 | D:7      | Killed bronco's ghost
  7261 | D:9      | Found Kihi's Armour Shoppe.
  7302 | D:9      | Found a stormy altar of Qazlal.
  7337 | D:9      | Found a flagged portal.
  7346 | Bailey   | Entered a bailey
  7493 | Bailey   | Paralysed by an orc warrior for 5 turns
  7952 | D:9      | Noticed a centaur warrior
  7957 | D:9      | Noticed a cyan ugly thing
  7962 | D:9      | Killed a centaur warrior
  7963 | D:9      | Reached skill level 5 in Staves
  7969 | D:9      | Killed a cyan ugly thing
  7970 | D:9      | Reached XP level 11. HP: 86/86 MP: 11/11
  8026 | D:9      | Noticed a two-headed ogre
  8037 | D:9      | Killed a two-headed ogre
  8322 | D:9      | Bought a +2 cloak of stealth for 279 gold pieces
  8322 | D:9      | Bought a +2 chain mail of poison resistance for 240 gold
                  | pieces
  8469 | D:9      | Noticed a two-headed ogre
  8475 | D:9      | Killed a two-headed ogre
  8476 | D:9      | Reached skill level 8 in Fighting
  8813 | D:10     | Entered Level 10 of the Dungeon
  8925 | D:10     | Noticed a boulder beetle
  9014 | D:10     | Killed a boulder beetle
  9048 | D:10     | Noticed Joseph
  9050 | D:10     | Paralysed by Joseph for 6 turns
  9067 | D:10     | Killed Joseph
 10001 | D:10     | Found a staircase to the Lair.
 10299 | Lair:1   | Entered Level 1 of the Lair of Beasts
 10545 | Lair:1   | Noticed a four-headed hydra
 10553 | Lair:1   | Killed a four-headed hydra
 10554 | Lair:1   | Reached XP level 12. HP: 67/94 MP: 12/12
 10626 | Lair:1   | Reached skill level 9 in Fighting
 10974 | Lair:2   | Noticed a seven-headed hydra
 10985 | Lair:2   | Killed a three-headed hydra
 12736 | Lair:3   | Noticed a five-headed hydra
 12738 | Lair:3   | Noticed a boulder beetle
 12739 | Lair:3   | Found a hide-covered altar of Uskayaw.
 12739 | Lair:3   | Found an ornate altar of the Wu Jian Council.
 12743 | Lair:3   | Killed a five-headed hydra
 12744 | Lair:3   | Gained mutation: When low on magic, you restore magic in
                  | place of health. [demonic ancestry]
 12744 | Lair:3   | Reached XP level 13. HP: 103/103 MP: 12/13
 12763 | Lair:3   | Reached skill level 10 in Fighting
 13165 | Lair:4   | You fall into a shaft and drop 2 floors!
 13165 | Lair:6   | Entered Level 6 of the Lair of Beasts
 13241 | Lair:6   | Found a runed translucent gate.
 13241 | Lair:6   | Found a runed translucent gate.
 13241 | Lair:6   | Found a runed translucent gate.
 13244 | Lair:6   | Noticed Tiah's ghost (journeyman TrMo)
 13512 | Lair:6   | Found a viscous altar of Jiyva.
 13513 | Lair:6   | Found a staircase to the Slime Pits.
 13642 | Lair:5   | Identified the +6 chain mail of Spite {rF+ Dex-5 Slay+3}
 13882 | Lair:5   | Reached skill level 10 in Evocations
 14085 | Lair:5   | Identified 3 scrolls of acquirement
 14090 | Lair:5   | Acquired a scarf of shadows
 14092 | Lair:5   | Acquired a manual of Throwing
 14094 | Lair:5   | Acquired the ring "Junozuc" {rF+ rN+ Will+ Dex+3 Stlth+}
 14357 | Lair:4   | Found a staircase to the Snake Pit.
 14612 | Lair:4   | Found a staircase to the Swamp.
 15232 | Lair:6   | Gained mutation: You are mostly covered in molten scales.
                  | (AC +3) [demonic ancestry]
 15232 | Lair:6   | Reached XP level 14. HP: 111/111 MP: 14/14
 15360 | Lair:6   | Reached skill level 11 in Fighting
 15360 | Lair:6   | Reached skill level 10 in Throwing
 15396 | Lair:6   | Reached skill level 10 in Dodging
 15863 | Lair:6   | Got the Collected Works on Creation and the Oath
 16161 | Lair:5   | Killed Tiah's ghost
 16162 | Lair:5   | Reached skill level 10 in Armour
 16631 | Lair:6   | Found a staircase to the Slime Pits.
 16631 | Lair:6   | Found a viscous altar of Jiyva.
 17215 | D:11     | Noticed Erolcha
 17244 | D:11     | Killed Erolcha
 17399 | D:11     | Slain by a boulder beetle

Illustrated notes

Levels and vault maps discovered:
D:1:      lemuel_arrival_hallway, layout_basic,
          hellmonk_ecumenical_altar_inner_sanctum
D:2:      layout_loops_corners, uniq_crazy_yiuf_cottage
D:3:      layout_basic, serial_shops, shop
D:4:      cheibrodos_pilgrimage, layout_cave_pools,
          mainiacjoe_overflow_boulevard, nicolae_overflow_crystal_walls,
          dancing_weapons_uskayaw, serial_shops, nicolae_shop_waterfront,
          uniq_pikel
D:5:      corexii_shantytown, layout_basic, lemuel_tele_altar,
          minmay_temple_entry_tees, kennysheep_small_circle
D:6:      layout_loops_cross, amcnicky_altar_gilded
D:7:      layout_loops_ring, nicolae_elemental_shop, minmay_manual_mail
D:8:      layout_rooms, cheibriados_altar_1, nzn_wu_jian_council_hall,
          mainiacjoe_overflow_cross_hatched, gammafunk_ghost_ooze
D:9:      layout_stronghold, mainiacjoe_overflow_catwalk, enter_bailey_8,
          serial_shops, nicolae_lakefront_shop, hangedman_minor_gate_pass
D:10:     layout_loops_ring, erik_lair_dragon, uniq_joseph
D:11:     minmay_the_grid_four_pointed_star_mashed
          [minmay_the_grid_triangle_9x9_cache,
          minmay_the_grid_triangle_9x9_alien,
          minmay_the_grid_triangle_9x9_corruption,
          minmay_the_grid_triangle_9x9_descending_squares,
          minmay_the_grid_prize_shrinking_boxes], layout_rooms, orc_0_dummy,
          centaur_isle, uniq_erolcha
Temple:   cyrus_circular_temple
Lair:1:   layout_hall_layers
Lair:2:   regret_index_bee_streams, layout_small_grid, beast_lair_carwin_9
Lair:3:   layout_concentric_octagons, st_stairs_13,
          nzn_masters_of_martial_movement, infiniplex_staircase_pool,
          grunt_megastairs_1
Lair:4:   layout_long_grid, swamp_mist, guppyfry_snake_entry_island
Lair:5:   layout_layer_cave, lemuel_fruit_tree
Lair:6:   grunt_lair_end_beastmaster, layout_cave_shapes, slime_altar_1,
          gammafunk_ghost_hydra_chop, minivault_24

Skill      XL: |  1  2  3  4  5  6  7  8  9 10 11 12 13 14 |
---------------+-------------------------------------------+-----
Axes           | 2 3 4 |  4.0
Dodging        | 2 3 4 5 6 7 8 9 10 | 10.3
Armour         | 1 2 3 4 5 6 7 8 9 10 | 10.1
Evocations     | 1 2 3 4 5 6 8 9 10 | 10.8
Throwing       | 2 3 5 6 7 8 9 10 | 10.8
Fighting       | 4 5 6 7 8 9 10 11 | 11.4
Staves         | 2 3 5 6 7 8 |  8.3
Stealth        | |  4.5

Action                   |  1- 3 |  4- 6 |  7- 9 | 10-12 | 13-15 || total
-------------------------+-------+-------+-------+-------+-------++-------
Melee: Trident           |    58 |    61 |       |       |       ||   119
       Hand axe          |     6 |       |       |       |       ||     6
       Headbutt          |     8 |    12 |    32 |   140 |   156 ||   348
       Quarterstaff      |       |    39 |   143 |   556 |   485 ||  1223
       Broad axe         |       |       |       |    12 |       ||    12
Throw: Dart              |       |     1 |     6 |       |       ||     7
Evoke: Wand              |       |       |     1 |       |     1 ||     2
  Use: Potion            |     1 |       |       |       |       ||     1
       Scroll            |       |       |     9 |     6 |     7 ||    22
 Stab: Sleeping          |     5 |    15 |     4 |       |       ||    24
       Invisible         |       |     1 |       |       |       ||     1
       Distracted        |       |       |     3 |     8 |    11 ||    22
       Confused          |       |       |       |     2 |       ||     2
       Petrified         |       |       |       |       |     7 ||     7
Armor: Leather armour    |     9 |       |       |       |       ||     9
       Ring mail         |       |    33 |    68 |    71 |       ||   172
       Chain mail        |       |       |       |   189 |   446 ||   635
Dodge: Dodged            |    20 |    32 |   104 |   488 |   332 ||   976

Table legend: (Time is in decaauts)
 A = Elapsed time spent in this place.
 B = Non-inter-level travel time spent in this place.
 C = Inter-level travel time spent in this place.
 D = Time resting spent in this place.
 E = Time spent auto-exploring this place.
 F = Levels seen in this place.
 G = Mean time per level.
                   A        B        C        D        E       F      G
               +--------+--------+--------+--------+--------+-----+--------+
         Total |  17534 |  15973 |   1561 |    357 |  12316 |  19 |  922.8 |
       Dungeon |  10295 |   9118 |   1177 |    326 |   6956 |  11 |  935.9 |
        Temple |     68 |     55 |     13 |      0 |     46 |   1 |   68.0 |
          Lair |   6758 |   6387 |    371 |     31 |   5140 |   6 | 1126.3 |
        Bailey |    412 |    412 |      0 |      0 |    174 |   1 |  412.0 |
               +--------+--------+--------+--------+--------+-----+--------+

Top non-repeatable levels by time:
  Lair:6: 2094 daAuts
     D:5: 1546 daAuts
     D:2: 1328 daAuts
     D:9: 1247 daAuts
    D:10: 1168 daAuts
  Lair:5: 1109 daAuts
  Lair:2: 1100 daAuts
  Lair:3: 1061 daAuts
     D:4: 894 daAuts
     D:7: 861 daAuts
     D:3: 845 daAuts
     D:8: 788 daAuts
     D:6: 758 daAuts
  Lair:1: 714 daAuts
     D:1: 706 daAuts
